Get step-by-step instructions on how to execute this build order below. Start the game timer, and the build order will tick by so you can play in parallel with StarCraft on a second screen or mobile device.

Game Time

  0:00

Last Step

  N/A

Next Step

Upcoming Step



Don't want to look back and forth between 2 screens? Try out our Overwolf App, the Spawning Tool Build Advisor to get an in-game overlay with this build!

Complete Build Order

  12  0:00  SCV  
  13  0:12  SCV  
  14  0:16  Supply Depot  
  14  0:24  SCV  
  15  0:38  SCV  
  15  0:40  Barracks  
  16  0:42  Refinery  
  16  0:50  SCV  
  16  0:52  Refinery  
  17  1:02  SCV  
  18  1:14  SCV  
  19  1:26  Reaper  
  19  1:27  Orbital Command  
  20  1:33  Supply Depot  
  20  1:40  Factory  
  20  1:52  SCV  
  21  1:59  Barracks Reactor  
  21  2:04  SCV  
  22  2:16  SCV  
  22  2:20  Command Center  
  25  2:32  Cyclone  
  25  2:35  Reaper x2  
  25  2:36  SCV  
  28  2:44  Supply Depot  
  28  2:48  SCV  
  29  3:00  SCV  
  32  3:05  Cyclone  
  32  3:07  Reaper x2  
  32  3:11  Starport  
  34  3:14  SCV  
  35  3:26  SCV  
  36  3:27  Refinery  
  36  3:32  Orbital Command  
  36  3:38  Factory Tech Lab  
  36  3:39  SCV, Marine x2  
  39  3:47  Starport Tech Lab  
  39  3:51  SCV  
  40  3:56  Siege Tank, Marine x2  
  40  3:58  SCV  
  46  4:03  SCV  
  46  4:07  Supply Depot  
  47  4:10  Raven  
  47  4:17  SCV  
  47  4:21  Marine  
  49  4:24  SCV  
  49  4:28  Siege Tank, Marine  
  49  4:29  SCV  
  55  4:36  SCV  
  56  4:39  Marine  
  56  4:41  SCV  
  56  4:42  Supply Depot  
  57  4:46  Marine  
  57  4:47  Raven  
  57  4:49  SCV  
  57  4:52  Supply Depot  
  61  4:53  SCV  
  61  4:57  Marine  
  62  5:04  Siege Tank, Marine  
  65  5:09  SCV  
  65  5:11  SCV  
  66  5:15  Supply Depot, Marine  
  67  5:23  Raven  
  67  5:25  Command Center  
  67  5:26  SCV  
  70  5:28  SCV  
  70  5:34  Marine  
  72  5:38  Siege Tank  
  72  5:39  SCV  
  72  5:40  SCV  
  77  5:46  Marine  
  78  5:51  SCV, Supply Depot  
  78  5:53  SCV  
  80  6:03  SCV  
  78  6:10  SCV  
  78  6:12  Siege Tank  
  78  6:13  Factory, Supply Depot, Refinery  
  78  6:15  SCV  
  82  6:21  Viking x2  
  82  6:22  SCV  
  82  6:24  Supply Depot  
  87  6:28  SCV  
  88  6:34  SCV  
  88  6:38  Orbital Command  
  88  6:39  Factory  
  89  6:40  SCV  
  91  6:47  SCV  
  91  6:51  Siege Tank  
  91  6:52  SCV  
  95  6:58  Siege Tank  
  95  6:59  SCV  
  99  7:04  SCV  
  100  7:08  SCV  
  100  7:15  SCV  
  98  7:17  Viking x2  
  98  7:18  Supply Depot, Engineering Bay  
  98  7:19  Supply Depot  
  98  7:20  Orbital Command  
  102  7:23  SCV  
  102  7:28  Siege Tank, Factory Reactor  
  102  7:29  Refinery  
  101  7:31  SCV  
  101  7:33  Refinery  
  101  7:35  SCV  
  99  7:43  SCV  
  88  7:46  SCV  
  88  7:47  Viking, SCV  
  87  7:55  SCV  
  88  7:58  SCV  
  88  8:00  Siege Tank, Missile Turret x2  
  88  8:01  Missile Turret, SCV  
  88  8:02  Missile Turret  
  88  8:04  Siege Tank  
  92  8:07  SCV  
  93  8:14  Missile Turret  
  93  8:16  Missile Turret  
  93  8:26  SCV x2  
  93  8:27  SCV  
  89  8:31  Hellion x2  
  89  8:32  Viking, Siege Tank  
  96  8:36  Siege Tank  
  96  8:38  SCV x2  
  98  8:45  Liberator  
  100  8:48  SCV  
  100  8:50  Infernal Pre-Igniter  
  100  8:52  Hellion x2, SCV  
  107  8:58  Missile Turret  
  107  9:02  SCV x2  
  108  9:04  Siege Tank, Factory  
  108  9:06  Factory  
  108  9:08  Siege Tank  
  114  9:11  SCV  
  114  9:14  SCV  
  114  9:16  Hellion, Sensor Tower  
  114  9:17  Hellion  
  118  9:19  Viking  
  119  9:25  Armory  
  119  9:29  Missile Turret  
  118  9:36  Hellion  
  118  9:38  Hellion  
  122  9:40  Siege Tank, Hellion  
  127  9:48  Medivac  
  127  9:50  Factory Tech Lab  
  127  9:51  Factory Reactor  
  127  9:52  SCV  
  131  9:55  Supply Depot  
  131  9:58  Siege Tank  
  131  9:59  Hellion  
  135  10:01  SCV  
  135  10:02  Hellion  
  135  10:03  Supply Depot  
  135  10:04  SCV  
  135  10:06  Medivac  
  141  10:14  Terran Vehicle Weapons Level 1  
  141  10:15  Smart Servos, Supply Depot  
  141  10:16  Drilling Claws  
  141  10:17  Hellion, Supply Depot  
  141  10:21  Medivac, Widow Mine  
  145  10:23  Hellion  
  145  10:25  Supply Depot  
  149  10:29  Hellion  
  149  10:30  Hellion  
  149  10:31  Supply Depot  
  153  10:36  Medivac  
  153  10:38  Hellion x3  
  153  10:42  Hellion, Supply Depot  
  159  10:46  Supply Depot  
  159  10:47  Supply Depot  
  159  10:51  Barracks  
  161  10:59  Siege Tank  
  161  11:01  Medivac  
  161  11:02  Hellion x2, Missile Turret  
  161  11:03  Hellion  
  170  11:06  Medivac  
  170  11:11  Supply Depot  
  172  11:12  Thor  
  176  11:23  Missile Turret  
  176  11:25  Hellion x2, Missile Turret x2  
  180  11:30  Widow Mine  
  180  11:32  Siege Tank  
  188  11:35  Hellion x2  
  186  11:54  Thor  
  186  11:56  Siege Tank  
  195  12:04  Siege Tank  
  196  12:22  Supply Depot  
  197  12:36  Thor  
  197  12:46  Hellion  
  187  12:51  Command Center  
  187  12:52  Command Center, Terran Vehicle And Ship Armor Level 1  
  187  12:56  Liberator x2  
  187  12:58  Widow Mine x2  
  197  13:09  Hellion  
  168  13:34  Thor x2  
  168  13:35  Thor, Hellion x4  
  168  13:39  Viking  
  164  13:44  Viking  
  166  13:56  Hellion x2  
  166  13:57  Hellion x2  
  174  14:11  Viking  
  176  14:18  Hellion x4  
  176  14:19  Hellion  
  176  14:20  Hellion  
  176  14:23  SCV x2  
  187  14:25  Orbital Command  
  190  14:33  Planetary Fortress  
  190  14:37  Refinery  
  187  14:40  Siege Tank  
  189  14:50  SCV